Cogmind - Beta 13 @@@ ROGUE MODE // 2024.04.04 @ 22:00:05 Player: Skysub Result: Destroyed by S-10 Pest with Light Assault Rifle Performance ------------- Evolutions (1) 500 Regions Visited (2) 400 Robots Destroyed (13) 65 Value Destroyed (353) 353 Prototype IDs (3) 60 Alien Tech Used (0) 0 Bonus (0) 0 TOTAL SCORE: 1378 Bonus ------- None Cogmind --------- Core Integrity 0/400 Matter 287/300 Energy 100/100 System Corruption 2% Temperature Cool (0) Movement Core (50) Location -9/Materials Parts ------- > --- POWER (1) -------- (None) > --- PROPULSION (2) --- (None) > --- UTILITY (4) ------ (None) > --- WEAPON (2) ------- (None) > --- INVENTORY (5) ---- Ion Engine Light Armor Plating EM Shotgun Assault Rifle Heavy Assault Rifle Peak State ------------ > --- POWER ------------ Ion Engine > --- PROPULSION ------- Wheel Improved Flight Unit > --- UTILITY ---------- Target Analyzer Light Armor Plating System Shield High-powered Tractor Beam > --- WEAPON ----------- Small Laser Heavy Assault Rifle > --- INVENTORY -------- Backup Plating I EM Pulse Gun EM Shotgun Assault Rifle [Rating: 17] Favorites ----------- Power Ion Engine Engine Ion Engine Propulsion Wheel Wheel Wheel Hover Unit Backup Propulsion I Flight Unit Improved Flight Unit Utility System Shield Device High-powered Tractor Beam Processor Target Analyzer Hackware System Shield Protection Light Armor Plating Weapon Small Laser Energy Gun Small Laser Ballistic Gun Assault Rifle Build | -11 -10 -9 ------- Run | Yrd Mat Mat Slots Evolved 2 | . . 2 Power . | . . . Propulsion . | . . . Utility 2 | . . 2 Weapon . | . . . Parts Attached 20 | 6 6 8 Power 2 | 1 1 . Engine 2 | 1 1 . Core . | . . . Reactor . | . . . Propulsion 4 | 2 . 2 Treads . | . . . Leg . | . . . Wheel 3 | 2 . 1 Hover . | . . . Flight 1 | . . 1 Utility 6 | . 3 3 Device 2 | . 2 . Storage . | . . . Processor 1 | . . 1 Hackware 1 | . . 1 Protection 2 | . 1 1 Artifact . | . . . Weapon 8 | 3 2 3 Energy Gun 3 | 2 1 . Energy Cannon . | . . . Ballistic Gun 5 | 1 1 3 Ballistic Cannon . | . . . Launcher . | . . . Special Weapon . | . . . Impact Weapon . | . . . Slashing Weapon . | . . . Piercing Weapon . | . . . Special Melee Weapon . | . . . Unidentified Prototypes 1 | . . 1 Parts Lost 9 | . 3 6 Power 1 | . 1 . Propulsion 4 | . 1 3 Utility 3 | . 1 2 Weapon 1 | . . 1 Highest Loss Streak 5 | . 2 5 To Critical Strikes . | . . . Average Slot Usage (%) 77 | . 80 73 Engine 9 | . 11 6 Wheel 17 | . 23 8 Hover 2 | . 3 1 Flight 3 | . . 8 Device 6 | . 6 6 Processor 3 | . . 8 Hackware 3 | . . 8 Protection 5 | . 6 5 Energy Gun 14 | . 19 7 Ballistic Gun 10 | . 8 11 Naked Turns 20 | . . 20 Heaviest Build 13 | 7 12 13 Greatest Support 20 | 20 20 10 Greatest Overweight (x) 1 | . 1 1 Average Overweight (x) . | . . . Largest Inventory Capacity 5 | 5 5 5 Average Capacity 5 | 5 5 5 Most Carried 5 | 1 3 5 Average Carried 2 | . 1 4 Final Capacity 5 | 5 5 5 Final Carried 5 | 1 3 5 Class Distribution -------------------- 100% | Mutant Dominant Class ---------------- Mutant | -10/Materials Mutant | -9/Materials Resources | -11 -10 -9 ----------- Run | Yrd Mat Mat Matter Collected 496 | 260 80 156 Remotely 40 | . 10 30 Salvage Created 401 | 40 188 173 Parts 26 | 1 14 11 Haulers Intercepted . | . . . Recyclers Shooed . | . . . Parts Field Recycled . | . . . Retrieved Matter . | . . . Parts Self-Destructed . | . . . Prevented . | . . . Kills | -11 -10 -9 ------- Run | Yrd Mat Mat Combat Hostiles Destroyed 11 | 1 6 4 Guns 11 | 1 6 4 Classes Destroyed 4 | 1 1 2 Worker 1 | . . 1 Watcher 1 | . . 1 Swarmer 2 | . 2 . Grunt 9 | 1 4 4 Best Kill Streak 4 | 1 3 4 Combat Bots Only 4 | 1 3 4 Max Kills in Single Turn 1 | 1 1 1 Gunslinging . | . . . Exploded . | . . . Melee . | . . . Uniques/NPCs Destroyed . | . . . Combat | -11 -10 -9 -------- Run | Yrd Mat Mat Hostile Shots Fired 152 | 3 44 105 Missed 43 | 1 11 31 Damage Taken 1307 | 24 358 925 Core 479 | . 76 403 Absorbed by Shields . | . . . Core Remaining (%) 84 | 100 69 . Volleys Fired 42 | 3 21 18 Largest 2 | 2 2 2 Hottest 90 | 90 90 63 Shots Fired 84 | 6 42 36 Gun 84 | 6 42 36 Cannon . | . . . Launcher . | . . . Special . | . . . Kinetic 41 | . 10 31 Thermal 29 | 3 21 5 Explosive . | . . . Electromagnetic 14 | 3 11 . Robot Hit Streak 12 | 4 12 8 Robot Miss Streak 6 | 2 5 6 Penetration Max . | . . . Secondary Targets 1 | . 1 . Max Gunslinging Chain 1 | . 1 . Shots Hit Robots 52 | 4 24 24 Core Hits 24 | 2 11 11 Critical Kills . | . . . Critical Parts Destroyed 1 | . . 1 Critical Strikes 2 | . 1 1 Burn 1 | . 1 . Destroy 1 | . . 1 Melee Attacks . | . . . Impact . | . . . Slashing . | . . . Piercing . | . . . Sneak Attacks . | . . . Combat Hostiles . | . . . Follow-up Attacks . | . . . Damage Inflicted 761 | 50 346 365 Guns 717 | 50 302 365 Cannons . | . . . Explosions 44 | . 44 . Melee . | . . . Ramming . | . . . Kinetic 376 | . 46 330 Thermal 267 | 25 207 35 Explosive . | . . . Electromagnetic 118 | 25 93 . Impact . | . . . Slashing . | . . . Piercing . | . . . Highest Corruption 2 | . . 2 Average Corruption 2 | . . 2 Corruption Purged . | . . . Corruption Blocked . | . . . Overload Shots . | . . . Overflow Damage 6 | . 6 . Projectiles . | . . . Explosions 6 | . 6 . Melee . | . . . Knockbacks . | . . . Impact . | . . . Kinetic . | . . . Secondary . | . . . Self-Inflicted Damage 36 | . 36 . Shots 1 | . 1 . Rammed . | . . . Targets Rammed . | . . . Kicked . | . . . Crushed . | . . . Highest Temperature 218 | 102 218 9 Average Temperature 71 | 53 91 4 Received Heat Transfer 510 | 12 102 396 Siege Activations . | . . . Robots Corrupted . | . . . Combat Hostiles . | . . . Parts Fried . | . . . Impact Corruptions . | . . . Robots Melted . | . . . Combat Hostiles . | . . . Parts Melted 1 | . 1 . Heat Transferred 769 | 74 620 75 Parts Sabotaged . | . . . Parts Stolen . | . . . Parts Stripped . | . . . Power Chain Reactions 1 | . 1 . Alert | -11 -10 -9 ------- Run | Yrd Mat Mat Peak Influence 218 | 20 180 218 Initial 76 | . 13 76 Average 99 | 2 102 122 Maximum Alert Level 1 | . . 1 Low Security (%) 98 | 100 100 96 Level 1 1 | . . 3 Level 2 . | . . . Level 3 . | . . . Level 4 . | . . . Level 5 . | . . . High Security . | . . . Max Security . | . . . Squads Dispatched 4 | . 3 1 Investigation 2 | . 2 . Extermination . | . . . Reinforcement 2 | . 1 1 Assault . | . . . Garrison . | . . . Intercept . | . . . Searches Triggered . | . . . Construction Impeded . | . . . Haulers Reinforced . | . . . Active Scanning Responses . | . . . Cargo Convoy Interrupts . | . . . Stealth | -11 -10 -9 --------- Run | Yrd Mat Mat Distress Signals 2 | . . 2 Communications Jammed . | . . . Distress Signals . | . . . Times Spotted 33 | 1 9 23 Peak Tracking Total 16 | 1 3 16 Tactical Retreats 1 | . . 1 Traps | -11 -10 -9 ------- Run | Yrd Mat Mat Traps Triggered . | . . . Indirectly . | . . . Trap Hack Attempts . | . . . Triggered . | . . . Disarmed 10 | . 10 . Reprogrammed . | . . . Reused . | . . . Traps Extracted . | . . . Installed . | . . . Triggered . | . . . Machines | -11 -10 -9 ---------- Run | Yrd Mat Mat Machines Disabled 1 | . 1 . Max in Single Turn 1 | . 1 . Machines Repaired . | . . . Machines Dismantled . | . . . Machines Sabotaged . | . . . Overloaded Fab Kills . | . . . Hacking | -11 -10 -9 --------- Run | Yrd Mat Mat Machines Accessed 6 | . 5 1 Terminals 4 | . 3 1 Fabricators . | . . . Repair Stations 1 | . 1 . Recycling Units 1 | . 1 . Scanalyzers . | . . . Garrison Access . | . . . Total Hacks 22 | . 16 6 Successful 14 | . 12 2 Failed 8 | . 4 4 Catastrophic 2 | . 2 . Database Lockouts . | . . . Manual . | . . . Terminals 17 | . 11 6 Fabricators . | . . . Repair Stations 1 | . 1 . Recycling Units 4 | . 4 . Scanalyzers . | . . . Garrison Access . | . . . Terminal Hacks 10 | . 8 2 Record 1 | . . 1 Prototype ID Bank 1 | . 1 . Emergency Access Points 1 | . 1 . Alert Level 1 | . 1 . Locate Traps 1 | . 1 . Disarm Traps 2 | . 2 . Transport Status 1 | . 1 . Hauler Manifests 1 | . . 1 Zone Layout 1 | . 1 . Fabricator Hacks . | . . . Repair Station Hacks 1 | . 1 . Refit 1 | . 1 . Recycling Unit Hacks 3 | . 3 . Recycle Component 1 | . 1 . Process 1 | . 1 . Report Inventory 1 | . 1 . Scanalyzer . | . . . Garrison Access Hacks . | . . . Unauthorized Hacks . | . . . Terminals . | . . . Fabricators . | . . . Repair Stations . | . . . Recycling Units . | . . . Scanalyzers . | . . . Garrison Access . | . . . Data Cores Recovered . | . . . Used . | . . . Hacking Detections 5 | . 4 1 Full Trace Events 2 | . 2 . Feedback Events . | . . . Feedback Blocked . | . . . Robot Schematics Acquired . | . . . Robots Built . | . . . Authchips . | . . . Time . | . . . Total Robot Build Rating . | . . . Part Schematics Acquired . | . . . Parts Built . | . . . Authchips . | . . . Time . | . . . Total Part Build Rating . | . . . Parts Repaired . | . . . Time . | . . . Parts Recycled 1 | . 1 . Recycled Matter 111 | . 111 . Retrieved Matter . | . . . Retrieved Components . | . . . Parts Scanalyzed . | . . . Part Schematics Acquired . | . . . Parts Damaged . | . . . Bothacking | -11 -10 -9 ------------ Run | Yrd Mat Mat Used RIF Installer . | . . . Robots Hacked . | . . . Non-combat . | . . . Combat . | . . . Robot Hacks Applied . | . . . Relay Couplers Released . | . . . Fabnet Peak Effective % . | . . . Robots Rewired . | . . . Allies Hacked . | . . . Hacks Repelled . | . . . Allies | -11 -10 -9 -------- Run | Yrd Mat Mat Total Allies . | . . . Largest Group . | . . . Highest-Rated Group . | . . . Highest-Rated Ally . | . . . Total Orders . | . . . Ally Attacks . | . . . Total Damage . | . . . Kills . | . . . Allies Corrupted . | . . . Allies Melted . | . . . Intel | -11 -10 -9 ------- Run | Yrd Mat Mat Robot Analysis Total . | . . . Derelict Logs Recovered . | . . . Drone Launches . | . . . Drone Recoveries . | . . . Exploration | -11 -10 -9 ------------- Run | Yrd Mat Mat Turns Passed 674 | 72 347 255 Spaces Moved 613 | 69 297 247 Core 62 | 15 . 47 Treads . | . . . Legs . | . . . Wheels 494 | 54 297 143 Hover . | . . . Flight 57 | . . 57 Fastest Speed 40 | 50 80 40 Average Speed 76 | 73 82 71 Slowest Speed 95 | 80 95 95 Overloaded Moves . | . . . Propulsion Burnouts . | . . . Robots Hopped 3 | . . 3 Cave-ins Triggered . | . . . Exploration Rate (%) 27 | 6 40 36 Regions Visited 2 Branch Regions . Pre-discovered Areas . | . . . Known Exits Taken . | . . . Unknown Exits Taken 2 | 1 1 . Scrap Searched . | . . . Spaces Dug . | . . . Terrain Destroyed 3 | . 3 . Melee . | . . . Projectile . | . . . AOE 3 | . 3 . Terrain Rammed . | . . . Walls Destroyed . | . . . Machines Disabled . | . . . Actions | -11 -10 -9 --------- Run | Yrd Mat Mat Total 723 | 81 355 287 Wait 37 | 3 28 6 Move 606 | 68 296 242 Hop 2 | . . 2 Pick Up 2 | . 1 1 Fast Attach 16 | 6 4 6 Attach 1 | . . 1 Detach 7 | 1 2 4 Swap 3 | . 2 1 Drop 7 | . 1 6 Fire 42 | 3 21 18 Melee . | . . . Ram . | . . . Kick . | . . . Crush . | . . . Escape Stasis . | . . . Rewire . | . . . Trap . | . . . Miscellaneous . | . . . Route ------- -11/Scrapyard -10/Materials -9/Materials History --------- Turn | Location | Event 2 | -11/Scrapyard | Met Revision 17 53 | -11/Scrapyard | Discovered new exit (range 8) 73 | -11/Scrapyard | Entered Materials 316 | -10/Materials | Build established: Mutant 402 | -10/Materials | Discovered new exit (range 4) 420 | -10/Materials | Entered another Materials area 420 | -9/Materials | Evolved 2 slots: Utility x2 652 | -9/Materials | Core integrity fell below 50% 668 | -9/Materials | Core integrity fell below 20% 675 | -9/Materials | Destroyed by S-10 Pest with Light Assault Rifle Last Messages --------------- G-34 Mercenary destroyed. Acquired 46 matter. G-34 Mercenary destroyed. Acquired 35 matter. Wheel destroyed. Dropped Shotgun. Shotgun destroyed. Imp. Flight Unit destroyed. Target Analyzer destroyed. System corrupted by crushing effect (+2). Knocked back. System Shield destroyed. K-01 Serf suffers critical hit (Burn). Critical hit (Burn: +37). S-10 Pest destroyed. U-05 Engineer builds a Door. [Achievement: First Step to Greatness] Important note for Steam players: Cogmind player global achievement rates displayed by Steam are all significantly underreported, in some cases by a huge margin, due to how they are calculated by Valve. Map ----- +----------------------------------------------------+ | ???????????????????????????????????????????# ### | | ???????????????????????????????????????????# # | | ????????????????#####??????????????????????# + | | ????????????????? ??????????????????????# # | | ??????????????# """ ?????????????????????# #?? | | ??????????????# """ ?#######????????????## ##? | | ??????????????# """ # ############## #? | | ??????????????# # ! #? | | ??????????????# """ " T #? | | ??????????????# """ # #? | | ??????????????? """ # ############## ! #? | | ??????????????? ! ?## ##????????????#######? | | ???????????????#######??# #????????????????????? | | ????????????????????????# #????????????????????? | | ????????????????????????# #????????????????????? | | ????????????????????????# #????????????????????? | | ????????????????????????# #????????????????????? | | ????????????????????????# #????????????????????? | | ?????????????????######?# #????????????????????? | | ?????????????????# # #????????????????????? | | ?????????????????# # #????????????????????? | | ?????????????????# + #????????????????????? | | ?????????????????# # w #????????????????????? | | ?????????????????# # =#????????????????????? | | ?????????????????# ?# =s######???????????????? | | ?????????????????#####??#@ s ????????? | | ????????????????????????# ????????? | | ????????????????????????# ????????? | | ????????????????????????####+######+####?????????? | | ?????????????????????????????????????????????????? | | ?????????????????????????????????????????????????? | | ?????????????????????????????????????????????????? | | ?????????????????????????????????????????????????? | | ?????????????????????????????????????????????????? | | ?????????????????????????????????????????????????? | | ?????????????????????????????????????????????????? | | ?????????????????????????????????????????????????? | | ?????????????????????????????????????????????????? | | ?????????????????????????????????????????????????? | | ?????????????????????????????????????????????????? | | | | | | | | | | | | | | | | | | | | | +----------------------------------------------------+ Best States ------------- Heat Dissipation 35 Energy Generation 10 Energy Capacity 250 Matter Stores 300 Matter Capacity 300 Sight Range 16 Terrain Scan Density 10 Armor Coverage 230 Evasion (%) 62 Target Analysis 5 Defensive Hacking 10 Item Schematics ----------------- None Robot Schematics ------------------ None Fabricated ------------ Nothing Alien Tech Used ----------------- None Achievements -------------- First Step to Greatness Challenges ------------ None Game ------ Seed CompositeGammaRouter Manual? 0 Play Time 00:25:59 Cumulative 5.6 hours Start 2024.04.04 @ 21:34:11 End 2024.04.04 @ 22:00:05 Sessions 1 Manual Loads 0 Difficulty Rogue Special Mode None Game No. 3 Rogue 3 Adventurer 0 Explorer 0 Win Type - Total 0 Types 0/0/0/0/0/0/0/0/0 Lore% 1 Gallery% 6 Achievement% 5 Wizard Run 0 Options --------- Layout 1 ASCII 0 Keyboard 1 Movement Numpad Keybinds 0 Fullscreen 1 Font 32/SmallcapsGlow Map View 77x35 Zoom Use 0% Tactical HUD 0 Map Filters NONE Filters NONE Steam 1 RUN: 91499dae-6674-4f14-8c3f-ab71b3b19e0d